 Dungeon Crawl Stone Soup version 0.14.0-7-g2801ba0 (webtiles) character file.

183 Ragg the Ruinous (level 4, -5/24 HPs)
             Began as a Deep Elf Conjurer on Apr 13, 2014.
             Killed from afar by an orc wizard (9 damage)
             ... with a magic dart
             ... on Level 3 of the Dungeon.
             The game lasted 00:07:33 (1970 turns).

Ragg the Ruinous (Deep Elf Conjurer)                Turns: 1970, Time: 00:07:33

HP  -5/24        AC  5     Str  5      XL: 4   Next: 53%
MP  11/15        EV 13     Int 21      God:
Gold 78          SH  0     Dex 15      Spells:  1 memorised, 10 levels left

rFire  + . .     SeeInvis .     f - +1 hand axe (venom)
rCold  . . .     Clarity  .     m - +1 robe {rF+}
rNeg   . . .     Conserve .     (no shield)
rPois  .         rCorr    .     (no helmet)
rElec  .         rRot     .     q - +0 cloak
SustAb . .       Spirit   .     a - +0 pair of gloves
rMut   .         Warding  .     (no boots)
Saprov . . .     Stasis   .     (no amulet)
MR     .....                    (no ring)
                                (no ring)

@: not resistant to hostile enchantments, fairly stealthy
A: no striking features
a: no special abilities


You were on level 3 of the Dungeon.
You were very hungry.

You visited 1 branch of the dungeon, and saw 3 of its levels.

You collected 78 gold pieces.

Inventory:

Hand weapons
 f - a +1,+1 hand axe of venom (weapon)
Armour
 a - a +0 pair of gloves (worn)
 m - a +1 robe of fire resistance (worn)
 q - a +0 cloak (worn)
Comestibles
 b - 3 bread rations
 h - 2 meat rations
 t - 6 sultanas
Scrolls
 d - 6 scrolls of identify {unknown}
 i - 2 scrolls of teleportation {unknown}
 k - a scroll of recharging {unknown}
 l - a scroll of remove curse {unknown}
 o - a scroll of blinking {unknown}
 r - 3 scrolls of fear {unknown}
 s - a scroll of enchant armour {unknown}
 u - a scroll of magic mapping {unknown}
Potions
 e - 3 potions of heal wounds {unknown}
 g - a potion of paralysis {unknown}
 j - a potion of curing {unknown}
 n - a potion of might {unknown}
 p - a potion of haste {unknown}
Books
 c - a book of Conjurations

   Spells                             Type                      Level
   *Magic Dart                        Conjuration                  1
   Searing Ray                        Conjuration                  2
   Dazzling Spray                     Conjuration/Hexes            3
   Fulminant Prism                    Conjuration/Hexes            4
   Iskenderun's Mystic Blast          Conjuration                  4
   Iskenderun's Battlesphere          Conjuration/Charms           5


   Skills:
 - Level 2.4 Dodging
 - Level 2.4 Stealth
 - Level 4.2 Spellcasting
 + Level 6.0 Conjurations


You had 10 spell levels left.
You knew the following spells:

 Your Spells              Type           Power        Failure   Level  Hunger
a - Magic Dart            Conj           ####         1%          1    None


Dungeon Overview and Level Annotations

Branches:
Dungeon (3/15)

Altars:
Ashenzari
Nemelex Xobeh

Annotations:
D:3 EdwardR's ghost, average GrFi


Message History

The magic dart hits the rat.
The rat is heavily wounded.
The rat bites you but does no damage.
Casting: Magic Dart
Confirm with . or Enter, or press ? or * to list all spells.
Aiming: Magic Dart
Press: ? - help, Shift-Dir - straight line, f/p - rat
Aim: a rat (heavily wounded)
The magic dart hits the rat.
You kill the rat!
You are feeling very hungry.
You see here a rat corpse.
The orc wizard gestures at you while chanting.
The magic dart hits you!
* * * LOW HITPOINT WARNING * * *
The orc wizard mumbles some strange words.
You feel a wave of unholy energy pass over you.
The orc wizard casts a spell at you. The magic dart hits you!
You die...

#.######### #o# ####### #.#
#...... #.# #...... #.#
#...... #.# #...... #.#
#(.....
#################)###......
#..<......@...%.o..........
#......##########.####.####
#......# #.# #.# #......#
#.# #.# #......# #######.##
#.# #......# #........# #.#
##.##### #...p....# #.# #.#
#........# #.# #.#
#........# #.#


You could see an orc wizard.

Vanquished Creatures
  4 adders
  A giant mite (D:3)
  A worm (D:2)
  An ooze (D:1)
  2 orcs
  A ball python (D:1)
  8 bats
  2 giant cockroaches
  5 hobgoblins
  2 jackals (D:2)
  11 kobolds
  A giant newt (D:2)
  5 goblins
  2 quokkas
  9 rats
55 creatures vanquished.

Vanquished Creatures (others)
  A giant cockroach (D:1)
1 creature vanquished.

Grand Total: 56 creatures vanquished

Notes
Turn   | Place    | Note
--------------------------------------------------------------
     0 | D:1      | Ragg, the Deep Elf Conjurer, began the quest for the Orb.
     0 | D:1      | Reached XP level 1. HP: 10/10 MP: 5/5
   228 | D:1      | Reached XP level 2. HP: 15/15 MP: 1/8
   365 | D:1      | Found a sparkling altar of Nemelex Xobeh.
   620 | D:2      | Reached skill level 5 in Conjurations
   765 | D:2      | Reached XP level 3. HP: 13/19 MP: 6/11
  1409 | D:2      | Reached XP level 4. HP: 17/24 MP: 6/15
  1593 | D:3      | Reached skill level 6 in Conjurations
  1605 | D:3      | Noticed EdwardR's ghost (average GrFi)
  1777 | D:3      | Found a shattered altar of Ashenzari.
  1970 | D:3      | Killed from afar by an orc wizard

Action                   |  1- 3 |  4- 6 || total
-------------------------+-------+-------++-------
Melee: Hand axe          |     9 |       ||     9
 Cast: Magic Dart        |    92 |    35 ||   127
